 Dungeon Crawl Stone Soup version 0.28.0-53-g5a82cb258f (webtiles) character file.

Game seed: 723522207503694201

359 Descartes the Covert (level 6, 0/28 HPs)
             Began as a Felid Monk on June 30, 2022.
             Slain by an adder (4 damage)
             ... on level 6 of the Dungeon.
             The game lasted 00:08:28 (6550 turns).

Descartes the Covert (Felid Monk)                   Turns: 6550, Time: 00:08:28

Health: 0/28       AC:  2    Str:  9    XL:     6   Next: 37%
Magic:  7/7        EV: 22    Int: 11    God:
Gold:   282        SH:  0    Dex: 21    Spells: 5/5 levels left
                                        Lives:  0   Deaths: 1

rFire   + . .      SeeInvis +     - Unarmed
rCold   . . .      Faith    .   (shield unavailable)
rNeg    . . .      Spirit   .   (armour unavailable)
rPois   .          Reflect  .   (helmet unavailable)
rElec   .          Harm     .   (cloak unavailable)
rCorr   +          Rampage  .   (gloves unavailable)
Will    .....                   (boots unavailable)
Stlth   ++++......              b - amulet of magic regeneration
HPRegen 0.09/turn               c - ring of protection from fire
MPRegen 0.50/turn               f - ring of resist corrosion

@: quick
A: very small, claws 1, fangs 3, see invisible, speed 1, shaggy fur 2, stealthy
paws, no weapons or thrown items, no armour, multi-lived, agile 1, deterioration
1, wild magic 1
a: no special abilities


You were on level 6 of the Dungeon.
You visited 1 branch of the dungeon, and saw 6 of its levels.

You collected 282 gold pieces.

Inventory:

Jewellery
 b - an amulet of magic regeneration (around neck)
 c - a ring of protection from fire (left paw)
 f - a ring of resist corrosion (right paw)
 m - a +6 ring of intelligence
Wands
 i - a wand of flame (7)
 n - a wand of charming (4)
Scrolls
 a - a scroll of teleportation
 e - 2 scrolls of brand weapon
 j - 2 scrolls of blinking
 k - a scroll of enchant weapon
 l - a scroll of fear
Potions
 d - a potion of curing
 h - a potion of attraction {unknown}


   Skills:
 - Level 3.0 Fighting
 + Level 6.8 Dodging
 + Level 8.2 Stealth
 + Level 3.9 Unarmed Combat


You had 5 spell levels left.
You didn't know any spells.
Your spell library contained the following spells:

 Spells                   Type           Power      Damage    Failure   Level
 Call Canine Familiar     Summ           0%         N/A       78%         3
 Stone Arrow              Conj/Erth      0%         3d7       78%         3
 Leda's Liquefaction      Hex/Erth       0%         N/A       99%         4
 Lehudib's Crystal Spear  Conj/Erth      0%         10d2      100%        8
 Portal Projectile        Hex/Tloc       Unusable   N/A       N/A         3
 Animate Armour           Summ/Erth      Unusable   N/A       N/A         4

Dungeon Overview and Level Annotations

Branches:
Dungeon (6/15)
 Temple: D:4-7

Altars:
Okawaru
Vehumet


Innate Abilities, Weirdness & Mutations

You have sharp claws.
You have razor-sharp teeth.
You have supernaturally acute eyesight. (SInv)
You cover ground quickly. (Speed+)
You are covered in thick fur. (AC +2)
Your paws help you pounce on unaware monsters.
You are incapable of wielding weapons or throwing items.
You cannot wear armour.
You gain extra lives every three experience levels.
You are agile. (Dex +2)
Your body sometimes deteriorates upon taking damage.
Your spells are a little harder to cast, but a little more powerful.


Message History

The iguana is almost dead.
The hound completely misses you. The iguana barely misses you.
You scratch the iguana.
You kill the iguana!
The hound completely misses you. The hound bites you.
You scratch the hound but do no damage. The hound bites you.
The adder misses you.
You are too injured to fight recklessly!
You are too injured to fight recklessly!
You are too injured to fight recklessly!
You are too injured to fight recklessly!
You are too injured to fight recklessly!
You are too injured to fight recklessly!
You are too injured to fight recklessly!
You are too injured to fight recklessly!
You are too injured to fight recklessly!
You are too injured to fight recklessly!
You are too injured to fight recklessly!
You are too injured to fight recklessly!
You are too injured to fight recklessly!
You are too injured to fight recklessly!
A centaur comes into view.
The hound bites you.
You scratch the adder.
The adder is moderately wounded.
The centaur wields a +0 shortbow.
The centaur shoots an arrow.
The arrow misses you. The adder completely misses you.
The centaur shoots an arrow.
The arrow hits you!
* * * LOW HITPOINT WARNING * * *
The centaur shoots an arrow.
The arrow misses you.
There is a stone staircase leading down here.
The centaur shoots an arrow.
The arrow misses you. The adder completely misses you.
You climb downwards.
Found 12 gold pieces.
Found two stone staircases leading up.
There is a stone staircase leading up here.
You closely miss the adder. You claw the adder.
The adder is severely wounded.
The adder completely misses you. The adder bites you.
You die...

.. # ###.# ..#.
# ... .. ###..
#... ##<..#...
#.....##.<#
#..@.......
.......S.......
...#.........#.
# ##.......##
#........#
#.$........
#..........
#..........


You could see an adder.

Vanquished Creatures
  A black bear (D:4)
  An ogre (D:4)
  A scorpion (D:4)
  2 iguanas
  A killer bee zombie (D:3)
  A hound skeleton (D:4)
  6 adders
  3 gnolls (D:3)
  3 river rats (D:4)
  4 worms
  2 dart slugs (D:2)
  3 orcs
  7 endoplasms
  5 giant cockroaches
  3 goblins
  10 hobgoblins
  3 quokkas
  7 ball pythons
  5 bats
  6 frilled lizards
  6 kobolds
  A quokka skeleton (D:4)
  7 rats
88 creatures vanquished.

Vanquished Creatures (others)
  A plant (D:2)
  3 toadstools (D:3)
4 creatures vanquished.

Grand Total: 92 creatures vanquished

Notes
Turn   | Place    | Note
-------+----------+-------------------------------------------
     0 | D:1      | Descartes the Felid Monk began the quest for the Orb.
     0 | D:1      | Reached XP level 1. HP: 10/10 MP: 2/2
    25 | D:1      | Reached skill level 3 in Stealth
   251 | D:1      | Reached XP level 2. HP: 9/14 MP: 3/3
   254 | D:1      | Reached skill level 4 in Stealth
  1421 | D:1      | Reached skill level 5 in Stealth
  1667 | D:2      | Reached XP level 3. HP: 17/17 MP: 4/4
  2028 | D:2      | Gained mutation: Your spells are a little harder to cast,
                  | but a little more powerful. [potion of mutation]
  2028 | D:2      | Gained mutation: Your body sometimes deteriorates upon
                  | taking damage. [potion of mutation]
  2028 | D:2      | Gained mutation: You are agile. (Dex +2) [potion of
                  | mutation]
  2131 | D:2      | Reached XP level 4. HP: 21/21 MP: 5/5
  2383 | D:2      | Reached skill level 6 in Stealth
  2618 | D:2      | Identified the +0 ring mail of the Catfish {Str+2}
  2916 | D:3      | Reached skill level 5 in Dodging
  3492 | D:3      | Found a faded altar of an unknown god.
  3925 | D:3      | Reached XP level 5. HP: 24/24 MP: 6/6
  4671 | D:4      | Reached skill level 7 in Stealth
  4742 | D:4      | Noticed a black bear
  5113 | D:4      | Noticed an ogre
  5118 | D:4      | Killed an ogre
  5119 | D:4      | Gained mutation: You are covered in thick fur. (AC +2)
                  | [Felid growth]
  5119 | D:4      | Reached XP level 6. HP: 28/28 MP: 7/7
  5316 | D:4      | Found a radiant altar of Vehumet.
  5446 | D:4      | Slain by a black bear
  5447 | D:4      | Reached XP level 5. HP: -4/24 MP: 6/6
  6196 | D:4      | Killed a black bear
  6197 | D:4      | Reached skill level 8 in Stealth
  6197 | D:4      | Reached XP level 6. HP: 28/28 MP: 7/7
  6468 | D:5      | Entered Level 5 of the Dungeon
  6482 | D:5      | Found an iron altar of Okawaru.
  6489 | D:5      | Identified the +2 mace of Rongy {spect, Will- Str+4 Stlth+}
  6550 | D:6      | Slain by an adder

Illustrated notes

Levels and vault maps discovered:
D:1:      kennysheep_arrival_forest, layout_basic, palyth_stone_intersect
D:2:      layout_basic, minmay_shallow_snake_nest
D:3:      layout_basic, hellmonk_ecumenical_altar_inner_sanctum,
          minmay_gold_behind_fungi, nicolae_figureground_sparkle
D:4:      layout_loops_corners, lemuel_tele_altar, portal_sewer_entry_e,
          minmay_misc_feat_hallway
D:5:      layout_basic, okawaru_ov_weapons_minmay, gammafunk_ghost_grave,
          nicolae_grassy_gnolls
D:6:      layout_cave_pools, lightli_temple_of_fire,
          yredelemnul_forgotten_temple_becter, minmay_temple_entry_slanted,
          serial_shops, nicolae_shop_overgrown_old_shop,
          minmay_misc_feat_four_crosses, uniq_crazy_yiuf_cottage, uniq_edmund,
          uniq_eustachio, uniq_pikel

Skill      XL: |  1  2  3  4  5 |
---------------+----------------+-----
Stealth        | 3 5 6 8 |  8.2
Dodging        | 5 6 |  6.8
Fighting       | |  3.0
Unarmed Combat | |  3.9

Action                   |  1- 3 |  4- 6 || total
-------------------------+-------+-------++-------
Melee: Unarmed           |    95 |   193 ||   288
       Bite              |     8 |    21 ||    29
       Punch             |     1 |     5 ||     6
  Use: Potion            |     2 |     3 ||     5
       Scroll            |       |     8 ||     8
 Stab: Sleeping          |    10 |    14 ||    24
       Distracted        |       |     1 ||     1
Armor: Skin              |     7 |    11 ||    18
Dodge: Dodged            |    85 |   207 ||   292
